 Dungeon Crawl Stone Soup version 0.20.1-1-g8b1a95d (webtiles) character file.

5457 letownia2 the Cleaver (level 10, -6/85 HPs)
             Began as a Deep Dwarf Necromancer on Nov 23, 2017.
             Was an Initiate of Gozag.
             Mangled by a two-headed ogre
             ... wielding a +0 giant club
              (16 damage)
             ... on level 8 of the Dungeon.
             The game lasted 00:31:23 (9692 turns).

letownia2 the Cleaver (Deep Dwarf Necromancer)      Turns: 9692, Time: 00:31:24

Health: -6/85      AC: 13    Str: 14    XL:     10   Next: 41%
Magic:  16/16      EV: 10    Int: 17    God:    Gozag
Gold:   423        SH:  0    Dex: 13    Spells: 13/17 levels left

rFire    . . .     SeeInvis .   S - +3 war axe (vamp)
rCold    . . .     Gourm    .   (no shield)
rNeg     . . .     Faith    .   g - +0 scale mail
rPois    .         Spirit   .   N - +0 helmet
rElec    .         Reflect  .   (no cloak)
rCorr    .         Harm     .   I - +0 pair of gloves
MR       +....                  D - +2 pair of boots
Stlth    +.........             (no amulet)
Regen    0.0/turn               r - ring of flight
MPRegen  0.2/turn               (no ring)

@: non-regenerating
A: damage resistance, heal wounds, sense surroundings 2, no regeneration
a: Heal Wounds, Potion Petition, Call Merchant, Bribe Branch, Renounce Religion,
Evoke Flight


You were on level 8 of the Dungeon.
You worshipped Gozag.
Gozag was aware of your devotion.
You were very hungry.

You visited 2 branches of the dungeon, and saw 9 of its levels.
You also visited: Sewer and Ossuary.

You collected 1629 gold pieces.
You spent 67 gold pieces at shops.
You paid 1139 gold pieces to Gozag.

Inventory:

Hand Weapons
 h - a +2 scythe of protection
 s - a +0 battleaxe
 y - a +1 dagger of venom
 B - a +0 blowgun
 J - a +3 war axe of freezing
 S - a +3 vampiric war axe (weapon)
Missiles
 C - 57 poisoned needles
 R - 2 javelins (quivered)
Armour
 g - a +0 scale mail (worn)
 w - a +0 ring mail
 D - a +2 pair of boots (worn)
 I - a +0 pair of gloves (worn)
 N - a +0 helmet (worn)
 O - a +0 buckler
Jewellery
 e - an uncursed ring of fire {unknown}
 r - a ring of flight (left hand)
 Q - an uncursed ring of magical power {unknown}
Wands
 d - a wand of polymorph (20/24)
 i - a wand of polymorph (14/24)
 L - a wand of flame (10/48)
 P - a wand of random effects (9/48)
 T - a wand of iceblast (11/15)
 U - a wand of confusion (21/48)
Scrolls
 j - 5 scrolls of remove curse
 n - a scroll of magic mapping {unknown}
 p - a scroll of blinking {unknown}
 q - 2 scrolls of enchant armour {unknown}
 u - a scroll of fear
 v - 3 scrolls of identify
 x - 2 scrolls of recharging
 A - a scroll of enchant weapon
 H - a scroll of teleportation
 K - 2 scrolls of fog
Potions
 a - 2 potions of mutation {unknown}
 k - 2 potions of ambrosia {unknown}
 l - 2 potions of magic
 m - 5 potions of heal wounds
 o - 2 potions of might
 t - a potion of brilliance
 z - 6 potions of agility
 E - 2 potions of haste {unknown}
 F - 3 potions of curing
 M - a potion of lignification
Books
 b - a book of Necromancy

   Spells                             Type                      Level
   a - Pain                           Necromancy                   1
   b - Animate Skeleton               Necromancy                   1
   c - Vampiric Draining              Necromancy                   3
   d - Regeneration                   Charms/Necromancy            3
   e - Animate Dead                   Necromancy                   4
   f - Control Undead                 Necromancy                   4
Comestibles
 c - 5 bread rations
 G - 4 meat rations


   Skills:
 + Level 4.1 Fighting
 + Level 10.9 Axes
 + Level 5.2 Armour
 - Level 2.1 Dodging
 - Level 2.4 Stealth
 - Level 3.7 Shields
 - Level 4.4 Spellcasting
 - Level 8.0 Necromancy
 - Level 5.3 Evocations


You had 13 spell levels left.
You knew the following spells:

 Your Spells              Type           Power        Failure   Level  Hunger
a - Pain                  Necr           ####         1%          1    None
v - Vampiric Draining     Necr           ####......   6%          3    ###....


Dungeon Overview and Level Annotations

Branches:
Dungeon (8/15)             Temple (1/1) D:5
   Lair: D:8-11

Altars:
Ashenzari
Cheibriados
Elyvilon
Fedhas
Gozag
Hepliaklqana
Kikubaaqudgha
Makhleb
Nemelex Xobeh
Qazlal
Ru
Uskayaw
Vehumet
Yredelemnul
The Shining One

Shops:
D:4 [   D:7 *(

Annotations:
D:3 ThereIsNoGod's ghost, amateur OpAs
D:4 exclusion: wight


Innate Abilities, Weirdness & Mutations

You are resistant to damage.
You can heal yourself by infusing magical energy.
You passively map the area around you.
You do not regenerate.


Message History

Magic restored.
There is a stone staircase leading down here.
You climb downwards.
There is a stone staircase leading up here.
Unknown command.
You climb upwards.
There is a stone staircase leading down here.
You are feeling very hungry.
You can't go down here!
(D) Dungeon (T) Temple
Where to? (Enter - D:7 @ (x,y), ? - help)
There is an entrance to Siemafup's Antique Weapon Boutique here.
There is a stone staircase leading down here.
You climb downwards.
The two-headed ogre shouts in stereo!
The two-headed ogre hits you with a giant club!
* * * LOW HITPOINT WARNING * * *
The two-headed ogre hits you with a giant club!
You die...
Your body crumbles into a pile of gold.

#........##.....#.
#.........#..#..#.
#..........#..#.#.
#.....[.....#...##
#............#..#.
#.#.......###.####
#.#.##########.##
#O#.........###.##
#@#..######.# ##.#
###..# #.####..
#..# #....... #..#
##########. #..#
#..........
#..###.########.
#[.....# #.
#)###### #. #.# ##


You could see a two-headed ogre.

Vanquished Creatures
  A two-headed ogre (D:7)
  A centaur skeleton (D:7)
  The ghost of Fingolfin the Digger, a novice FoEE of Vehumet (D:5)
  A spriggan (D:7)
  Sigmund (D:4)
  A steam dragon (D:4)
  A water moccasin (D:8)
  2 black bears (D:8)
  A phantom (D:7)
  4 sky beasts
  2 ice beasts
  2 ogres
  3 elf zombies (Ossuary)
  A big kobold (Sewer)
  4 bullfrogs
  6 scorpions
  Dowan (D:4)
  5 killer bees
  2 wights
  A water moccasin skeleton (D:7)
  3 howler monkeys
  A centaur zombie (Ossuary)
  6 crimson imps
  5 hounds
  2 jellies
  2 human zombies (Ossuary)
  4 orc wizards
  6 orc priests
  4 iguanas
  An iron imp (D:6)
  6 worker ants
  2 hound zombies (Ossuary)
  3 mummies (Ossuary)
  4 gnolls (D:2)
  7 adders
  An ooze (D:3)
  An adder skeleton (D:4)
  3 adder zombies (Ossuary)
  2 worms
  2 dart slugs
  5 leopard geckos
  22 orcs
  2 ball pythons (Sewer)
  5 bats
  13 giant cockroaches
  5 goblins
  7 hobgoblins
  4 jackals (D:1)
  19 kobolds
  4 quokkas
  5 frilled lizards
  A gnoll zombie (Ossuary)
  4 goblin zombies (Ossuary)
  5 hobgoblin zombies (Ossuary)
  5 jackal zombies (Ossuary)
  3 kobold zombies (Ossuary)
  A quokka skeleton (D:8)
  4 quokka zombies (Ossuary)
  13 rats
  3 rat zombies (Ossuary)
  A fungus (Sewer)
237 creatures vanquished.

Notes
Turn   | Place    | Note
-------+----------+-------------------------------------------
     0 | D:1      | letownia2 the Deep Dwarf Necromancer began the quest for the Orb.
     0 | D:1      | Reached XP level 1. HP: 15/15 MP: 3/3
   288 | D:2      | Reached XP level 2. HP: 22/22 MP: 0/5
   363 | D:3      | Noticed ThereIsNoGod's ghost (amateur OpAs)
   576 | D:3      | Reached skill level 5 in Necromancy
   576 | D:3      | Reached XP level 3. HP: 28/28 MP: 1/6
   581 | D:3      | Learned a level 3 spell: Vampiric Draining
   703 | D:3      | Reached XP level 4. HP: 27/36 MP: 0/8
  1106 | D:3      | Reached XP level 5. HP: 30/42 MP: 7/9
  1190 | D:4      | Noticed Sigmund
  1202 | D:4      | Killed Sigmund
  1202 | D:4      | Reached skill level 2 in Axes
  1202 | D:4      | Reached XP level 6. HP: 15/52 MP: 3/10
  1556 | D:4      | Reached skill level 3 in Axes
  1743 | D:4      | Reached skill level 4 in Axes
  1955 | D:4      | Noticed Dowan
  1956 | D:4      | Noticed Duvessa
  2107 | D:3      | Reached XP level 7. HP: 13/61 MP: 7/11
  2437 | D:3      | Found a snail-covered altar of Cheibriados.
  2452 | D:3      | Found a glowing golden altar of the Shining One.
  2883 | D:5      | Entered Level 5 of the Dungeon
  2975 | D:5      | Found a glowing drain.
  2999 | D:5      | Reached skill level 5 in Axes
  3008 | Sewer    | Entered a sewer
  3793 | D:4      | Found Votanu Idio's Armour Emporium.
  3858 | D:5      | Noticed Fingolfin's ghost (novice FoEE)
  3938 | D:5      | Reached skill level 1 in Evocations
  4141 | D:5      | Killed Fingolfin's ghost
  4141 | D:5      | Reached skill level 7 in Axes
  4154 | D:5      | Reached XP level 8. HP: 52/68 MP: 9/12
  4242 | D:5      | Reached skill level 8 in Axes
  4354 | D:5      | Found a staircase to the Ecumenical Temple.
  4370 | Temple   | Entered the Ecumenical Temple
  4377 | Temple   | Became a worshipper of Gozag Ym Sagoz the Greedy
  4593 | D:5      | Reached skill level 1 in Armour
  4803 | D:4      | Noticed Duvessa
  4803 | D:4      | Duvessa changed into Duvessa the centaur
  4805 | D:4      | Noticed Duvessa
  4805 | D:4      | Duvessa the centaur changed into Duvessa the steam dragon
  6211 | D:4      | Killed Dowan
  6225 | D:4      | Killed Duvessa the steam dragon
  6225 | D:4      | Reached skill level 9 in Axes
  6456 | D:6      | Found a hazy altar of Hepliaklqana.
  6572 | D:6      | Noticed Grinder
  6573 | D:6      | Noticed Grinder
  6573 | D:6      | Grinder changed into Grinder the iron imp
  6582 | D:6      | Killed Grinder the iron imp
  6595 | D:6      | Gained mutation: You passively map the area around you. [Deep Dwarf growth]
  6595 | D:6      | Reached XP level 9. HP: 37/74 MP: 15/15
  6694 | D:6      | Found a white marble altar of Elyvilon.
  6695 | D:6      | Found a sparkling altar of Nemelex Xobeh.
  6695 | D:6      | Found an ancient bone altar of Kikubaaqudgha.
  6696 | D:6      | Found a sacrificial altar of Ru.
  6844 | D:7      | Noticed a two-headed ogre
  6912 | D:7      | Reached skill level 10 in Axes
  7051 | D:7      | Found a sand-covered staircase.
  7089 | D:7      | Reached skill level 1 in Shields
  7137 | D:7      | Killed a two-headed ogre
  7137 | D:7      | Reached skill level 5 in Evocations
  7152 | Ossuary  | Entered an ossuary
  7269 | Ossuary  | Reached XP level 10. HP: 72/81 MP: 16/16
  8489 | D:8      | Noticed a two-headed ogre
  9337 | D:6      | Found a basalt altar of Yredelemnul.
  9469 | D:7      | Bought a scroll labeled MINUVE COMUUMN for 24 gold pieces
  9469 | D:7      | Bought 2 bubbling cyan potions for 43 gold pieces
  9490 | D:8      | Reached skill level 5 in Armour
  9692 | D:8      | Mangled by a two-headed ogre

Skill      XL: |  1  2  3  4  5  6  7  8  9 10 |
---------------+-------------------------------+-----
Spellcasting   | 2 3 4 |  4.4
Necromancy     | 5 6 8 |  8.0
Fighting       | 2 4 |  4.1
Axes           | 2 4 7 9 10 | 10.9
Evocations     | 1 5 |  5.3
Armour         | 3 5 |  5.2
Shields        | 3 |  3.7
Dodging        | |  2.1
Stealth        | |  2.4

Action                   |  1- 3 |  4- 6 |  7- 9 | 10-12 || total
-------------------------+-------+-------+-------+-------++-------
Melee: Dagger            |     1 |    12 |       |       ||    13
       War axe           |       |    47 |   515 |   276 ||   838
Throw: Throwing net      |       |       |     3 |       ||     3
       Javelin           |       |       |     2 |     1 ||     3
 Cast: Pain              |    32 |    18 |     2 |       ||    52
       Vampiric Draining |       |    19 |    27 |     2 ||    48
Invok: Call Merchant     |       |       |     1 |     1 ||     2
Evoke: Wand              |       |       |     9 |       ||     9
  Use: Scroll            |       |       |     9 |     7 ||    16
       Potion            |       |       |     2 |       ||     2
 Stab: Held in net/web   |       |       |     3 |       ||     3
       Distracted        |       |       |     1 |       ||     1
  Eat: Chunk             |       |     4 |    11 |       ||    15
       Royal jelly       |       |     1 |     2 |     2 ||     5
       Meat ration       |       |     1 |       |       ||     1
       Bread ration      |       |       |     1 |     1 ||     2
Armor: Leather armour    |     1 |    13 |       |       ||    14
       Ring mail         |       |       |    71 |       ||    71
       Scale mail        |       |       |   230 |   125 ||   355
Dodge: Dodged            |     7 |    39 |   239 |   127 ||   412
